 Dungeon Crawl Stone Soup version 0.19-a0-1007-g133f65f (webtiles) character file.

28 Implojin the Ruffian (level 2, -5/29 HPs)
             Began as a Troll Fighter on July 19, 2016.
             Slain by a water moccasin (7 damage)
             ... on level 5 of the Dungeon.
             The game lasted 00:01:08 (208 turns).

Implojin the Ruffian (Troll Fighter)                 Turns: 208, Time: 00:01:08

Health: -5/29      AC:  5    Str: 28    XL:     2   Next: 96%
Magic:  1/1        EV:  8    Int:  4    God:
Gold:   0          SH:  9    Dex:  9    Spells: 0 memorised, 1 level left

rFire  . . .     SeeInvis .       - Unarmed
rCold  . . .     Gourm    +     a - +0 robe
rNeg   . . .     Faith    .     b - +0 shield
rPois  .         Spirit   .     (helmet restricted)
rElec  .         Dismiss  .     (no cloak)
rCorr  .         Reflect  .     (gloves unavailable)
SustAt .         Harm     .     (boots unavailable)
MR     .....                    (no amulet)
Stlth  +.........               (no ring)
                                (no ring)

@: mighty, not resistant to hostile enchantments, very unstealthy
A: unfitting armour, claws 3, fast metabolism 3, gourmand, regeneration 2,
shaggy fur 1, tough skin 2
a: no special abilities


You were on level 5 of the Dungeon.
You were very full.

You visited 1 branch of the dungeon, and saw 5 of its levels.

Inventory:

Armour
 a - a +0 robe (worn)
 b - a +0 shield (worn)
Scrolls
 f - a scroll of blinking {unknown}
 h - 2 scrolls of identify {unknown}
Potions
 e - a potion of beneficial mutation {unknown}
Comestibles
 d - 2 bread rations


   Skills:
 - Level 2.4 Fighting
 - Level 2.4 Dodging
 - Level 2.4 Shields
 * Level 3.5 Unarmed Combat


You had one spell level left.
You didn't know any spells.

Dungeon Overview and Level Annotations

Branches:
Dungeon (5/15)
 Temple: D:4-7

Altars:


Innate Abilities, Weirdness & Mutations

You are too large for most types of armour.
You have claws for hands.
Your metabolism is lightning-fast.
You like to eat raw meat.
You heal very quickly.
You are covered in fur. (AC +1)
You have very tough skin. (AC +2)


Message History

Found a stone staircase leading down.
You claw the water moccasin!
The water moccasin is heavily wounded.
The shadow imp gestures at you. Pain shoots through your body!
The water moccasin bites you!
* * * LOW HITPOINT WARNING * * *
Unknown command.
You closely miss the water moccasin.
The water moccasin is heavily wounded.
The water moccasin bites you but does no damage.
The water moccasin closely misses you.
You closely miss the water moccasin.
The water moccasin is heavily wounded.
The shadow imp hits you.
* * * LOW HITPOINT WARNING * * *
The water moccasin barely misses you.
Unknown command.
You completely miss the water moccasin.
The water moccasin is heavily wounded.
You block the water moccasin's attack. You block the shadow imp's attack.
The water moccasin closely misses you.
Unknown command.
Unknown command.
You scratch the water moccasin.
The water moccasin is heavily wounded.
The shadow imp hits you but does no damage.
The water moccasin bites you but does no damage.
You claw the water moccasin!
The water moccasin is almost dead.
The shadow imp gestures at you. Pain shoots through your body!
* * * LOW HITPOINT WARNING * * *
The water moccasin bites you.
* * * LOW HITPOINT WARNING * * *
You barely miss the water moccasin.
The water moccasin is almost dead.
The water moccasin completely misses you.
The shadow imp gestures at you.
You barely resist. The water moccasin bites you!
You die...

........#
#.>.....#
#....<.?##
#........##
##..........
##...........
#.....S.....>
#..)5@.......
#...<........
#............
####..#####..
#### .


You could see a water moccasin and a shadow imp.

Vanquished Creatures
  A gnoll (D:2)
  2 dart slugs (D:1)
  An orc (D:3)
  2 giant cockroaches
  A goblin (D:5)
  2 hobgoblins
  2 jackals
  A bat (D:2)
12 creatures vanquished.

Notes
Turn   | Place    | Note
-------+----------+-------------------------------------------
     0 | D:1      | Implojin the Troll Fighter began the quest for the Orb.
     0 | D:1      | Reached XP level 1. HP: 22/22 MP: 0/0
    41 | D:1      | Reached XP level 2. HP: 25/29 MP: 1/1
    54 | D:2      | Reached skill level 3 in Unarmed Combat
   198 | D:5      | Entered Level 5 of the Dungeon
   198 | D:5      | Noticed a water moccasin
   207 | D:5      | HP: 1/29 [water moccasin (3)]
   208 | D:5      | Slain by a water moccasin

Vault maps used:
D:1:      saegor_arrival_simple_f
D:2:      first_bread, okawaru_gym_becter
D:3:      uniq_grinder
D:4:      grunt_temple_overflow_open, nicolae_ru_awakened_eye
D:5:      nemelex_spade_bored_becter, uniq_sigmund

Skill      XL: |  1  2 |
---------------+-------+-----
Unarmed Combat | 3 |  3.5
Fighting       | |  2.4
Dodging        | |  2.4
Shields        | |  2.4

Action                   || total
-------------------------++-------
Melee: Unarmed           ||    35
  Use: Potion            ||     1
  Eat: Chunk             ||     5
Armor: Robe              ||    52
Dodge: Dodged            ||    40
Block: Shield            ||    36

Table legend:
 A = Turns spent in this place as a percentage of turns spent in the entire game.
 B = Non-inter-level travel turns spent in this place as a percentage of non-inter-level travel turns spent in the entire game.
 C = Inter-level travel turns spent in this place as a percentage of turns spent in this place.
 D = Turns resting spent in this place as a percentage of non-inter-level travel turns spent in this place.
 E = Turns spent auto-exploring this place as a percentage of non-inter-level travel turns spent in this place.
 F = Non-inter-level travel turns spent in this place divided by the number of levels of this place that you've seen.
                   A       B       C       D       E      F
               +-------+-------+-------+-------+-------+----------------------
         Total | 100.0 | 100.0 |   0.0 |   0.0 |   0.0 |  42.8
       Dungeon | 100.0 | 100.0 |   0.0 |   0.0 |   0.0 |  42.8
               +-------+-------+-------+-------+-------+----------------------

Table legend:
 A = Kills in this place as a percentage of kills in entire the game.
 B = Kills by you in this place as a percentage of kills by you in the entire game.
 C = Kills by friends in this place as a percentage of kills by friends in the entire game.
 D = Other kills in this place as a percentage of other kills in the entire game.
 E = Experience gained in this place as a percentage of experience gained in the entire game.
 F = Experience gained in this place divided by the number of levels of this place that you have seen.
                   A       B       C       D       E      F
               +-------+-------+-------+-------+-------+----------------------
         Total | 100.0 | 100.0 |  -nan |  -nan | 100.0 |   8.0
       Dungeon | 100.0 | 100.0 |  -nan |  -nan | 100.0 |   8.0
               +-------+-------+-------+-------+-------+----------------------
